 Dungeon Crawl Stone Soup version 0.21-a0-329-g12f17e1 (webtiles) character file.

8 vishdafish the Charmwright (level 2, 12/22 HPs)
             Began as a Demonspawn Skald on Oct 1, 2017.
             Quit the game on level 1 of the Dungeon.
             The game lasted 00:00:21 (128 turns).

vishdafish the Charmwright (Demonspawn Skald)        Turns: 128, Time: 00:00:21

Health: 12/22      AC:  3    Str: 11    XL:     2   Next: 0%
Magic:  5/5        EV: 12    Int: 14    God:
Gold:   25         SH:  0    Dex: 12    Spells: 4/5 levels left

rFire    . . .     SeeInvis .   a - +0 spear
rCold    . . .     Gourm    .   (no shield)
rNeg     . . .     Faith    .   b - +0 leather armour
rPois    .         Spirit   .   (no helmet)
rElec    .         Reflect  .   (no cloak)
rCorr    .         Harm     .   (no gloves)
MR       .....                  (no boots)
Stlth    +.........             (no amulet)
HPRegen  0.07/turn              (no ring)
MPRegen  0.09/turn              (no ring)

@: no status effects
A: rot immunity
a: no special abilities


You were on level 1 of the Dungeon.
You were not hungry.

You visited 1 branch of the dungeon, and saw 1 of its levels.

You collected 25 gold pieces.

Inventory:

Hand Weapons
 a - a +0 spear (weapon)
Armour
 b - a +0 leather armour (worn)
Potions
 e - a potion of brilliance {unknown}
Books
 c - a book of Battle

   Spells                             Type                      Level
   a - Infusion                       Charms                       1
   b - Shroud of Golubria             Charms/Translocation         2
   c - Song of Slaying                Charms                       2
   d - Spectral Weapon                Hexes/Charms                 3
   e - Regeneration                   Charms/Necromancy            3
Comestibles
 d - a bread ration


   Skills:
 - Level 2.0 Fighting
 + Level 1.8 Polearms
 + Level 1.0 Armour
 + Level 1.8 Dodging
 - Level 2.1 Spellcasting
 - Level 3.0 Charms


You had 4 spell levels left.
You knew the following spells:

 Your Spells              Type           Power        Failure   Level  Hunger
a - Infusion              Chrm           #...         9%          1    ##.....


Dungeon Overview and Level Annotations

Branches:
Dungeon (1/15)

Altars:


Innate Abilities, Weirdness & Mutations

You are immune to rotting.


Message History

The rat is severely wounded.
The rat bites you but does no damage. The kobold closely misses you.
You closely miss the rat.
The rat is severely wounded.
The rat bites you but does no damage. The kobold hits you but does no damage.
You barely miss the rat.
The rat is severely wounded.
The rat bites you. The kobold barely misses you.
You hit the rat.
You kill the rat!
The kobold barely misses you.
You closely miss the kobold. The kobold hits you with a short sword.
You hit the kobold but do no damage. The kobold hits you but does no damage.
You hit the kobold.
You kill the kobold!
Your Armour skill increases to level 1!
You have reached level 2!
Your demonic ancestry asserts itself...
You feel immune to rotting.
Are you sure you want to abandon this character and quit the game? (Confirm with "yes".)

#.........##.#.#### #
#.#.......##....##
#.###.#.......##.....##
#.........######.......
#.........# ###.####
#####.##### #.#
#.####### #.# #.......#
#+# #.@####.# #.†)....#
#..!....# #.#...###
#....... #.#...### #.
#.## #. ## ...#


There were no monsters in sight!

Vanquished Creatures
  A leopard gecko (D:1)
  A goblin (D:1)
  2 hobgoblins (D:1)
  A kobold (D:1)
  2 rats (D:1)
7 creatures vanquished.

Notes
Turn   | Place    | Note
-------+----------+-------------------------------------------
     0 | D:1      | vishdafish the Demonspawn Skald began the quest for the Orb.
     0 | D:1      | Reached XP level 1. HP: 16/16 MP: 3/3
    99 | D:1      | Reached skill level 3 in Charms
   127 | D:1      | Reached skill level 1 in Armour
   127 | D:1      | Gained mutation: You are immune to rotting. [demonic ancestry]
   127 | D:1      | Reached XP level 2. HP: 12/22 MP: 5/5
   128 | D:1      | Quit the game

Vault maps used:
D:1:      erik_arrival_orb_chamber, minmay_misc_feat_five

Skill      XL: |  1 |
---------------+----+-----
Charms         | 3 |  3.0
Armour         | 1 |  1.0
Fighting       | |  2.0
Polearms       | |  1.8
Dodging        | |  1.8
Spellcasting   | |  2.1

Action                   || total
-------------------------++-------
Melee: Spear             ||    27
 Cast: Infusion          ||     1
Armor: Leather armour    ||     6
Dodge: Dodged            ||    13

Table legend:
 A = Spawn XP
 B = Non-spawn XP
 C = Spawn XP percentage of total XP
 D = Spawn monster count
 E = Non-spawn monster count
 F = Spawn count percentage of total count
 G = Total turns spent on level
                    A         B        C        D         E        F      G
               +---------+---------+-------+---------+---------+-------+---------
         Total |       0 |      12 |   0.0 |       0 |       7 |   0.0 |   128
               +---------+---------+-------+---------+---------+-------+---------
           D:1 |       0 |      12 |   0.0 |       0 |       7 |   0.0 |   128
               +---------+---------+-------+---------+---------+-------+---------
